 Dungeon Crawl Stone Soup version 0.26.1-2-gb8aa6d0cf2 (webtiles) character file.

Game seed: 15063494041301583991

6 FishyPogo the Ruffian (level 1, -2/16 HPs)
             Began as a Draconian Transmuter on Mar 2, 2021.
             Slain by an adder (4 damage)
             ... on level 1 of the Dungeon.
             The game lasted 00:02:01 (723 turns).

FishyPogo the Ruffian (Draconian Transmuter)         Turns: 723, Time: 00:02:01

Health: -2/16      AC:  4    Str: 12    XL:     1   Next: 75%
Magic:  3/3        EV: 12    Int: 13    God:
Gold:   5          SH:  0    Dex: 11    Spells: 3/4 levels left

rFire    . . .     SeeInvis .     - Unarmed
rCold    . . .     Faith    .   (no shield)
rNeg     . . .     Spirit   .   (armour unavailable)
rPois    .         Reflect  .   (helmet currently unavailable)
rElec    .         Harm     .   (no cloak)
rCorr    .         Rampage  .   (no gloves)
Will     .....                  (boots currently unavailable)
Stlth    +.........             (no amulet)
HPRegen  0.05/turn              (no ring)
MPRegen  0.08/turn              (no ring)

@: lethally poisoned (-2 -> -12), appendages (expiring)
A: unfitting armour, horns 2, talons 2, cold-blooded, AC +4
a: End Transformation


You were on level 1 of the Dungeon.
You had grown temporary horns.
You had grown temporary talons.
You visited 1 branch of the dungeon, and saw 2 of its levels.

You collected 5 gold pieces.

Inventory:

Missiles
 d - 15 stones
Armour
 b - a +2 pair of boots (melded)
Scrolls
 a - a scroll of teleportation {unknown}
 c - a scroll of identify {unknown}
Potions
 e - a potion of attraction {unknown}
 f - a potion of ambrosia {unknown}


   Skills:
 * Level 1.5 Fighting
 - Level 2.0 Dodging
 + Level 3.0 Unarmed Combat
 - Level 2.0 Spellcasting
 + Level 2.1 Transmutations


You had 3 spell levels left.
You knew the following spells:

 Your Spells              Type           Power        Failure   Level
y - Beastly Appendage     Tmut           12%          11%         1

Your spell library contained the following spells:

 Spells                   Type           Power        Failure   Level
 Wereblood                Tmut           6%           16%         2
 Spider Form              Tmut/Pois      2%           45%         3
 Ice Form                 Ice/Tmut       4%           86%         4
 Blade Hands              Tmut           3%           96%         5


Dungeon Overview and Level Annotations

Branches:
Dungeon (2/15)

Altars:


Innate Abilities, Weirdness & Mutations

Your plain brown scales are hard. (AC +4)
You cannot fit into any form of body armour.
You are cold-blooded and may be slowed by cold attacks.
You have a pair of horns on your head.
You have razor-sharp toenails.


Message History

You barely miss the adder. The adder bites you.
You miss the adder. The adder closely misses you. x2
You closely miss the adder. Your headbutt misses the adder.
The adder bites you.
You miss the adder. Your headbutt misses the adder.
Your transformation is almost over.
The adder bites you but does no damage.
You closely miss the adder. The adder bites you.
You are poisoned.
The adder poisons you!
You closely miss the adder.
Your tail-slap misses the adder.
You feel sick. The adder closely misses you. The adder bites you.
* * * LOW HITPOINT WARNING * * *
You are more poisoned.
The adder poisons you!
You completely miss the adder. You headbutt the adder.
The adder is heavily wounded.
* * * LOW HITPOINT WARNING * * *
You feel sick. The adder bites you.
You die...

###.........# #.#
..........### #.#
..........###### #.#
...............# #.#
.....###.......# #.#
...............# #.#
...............###.#
.................#.#
....[.#........#@#.#
......########.#S#.#
...........#.#.#.#.#
......####.#.#.#.#.#
......####.#.#.#.#.#
......##.......#.#.#
+#.....#.......#.#.#
.......#.......#.#.#
...............#.#.#


You could see an adder.

Vanquished Creatures
  A dart slug (D:1)
  A goblin (D:1)
  A bat (D:1)
  A kobold (D:1)
  A rat (D:1)
5 creatures vanquished.

Notes
Turn   | Place    | Note
-------+----------+-------------------------------------------
     0 | D:1      | FishyPogo the Draconian Transmuter began the quest for the
                  | Orb.
     0 | D:1      | Reached XP level 1. HP: 16/16 MP: 3/3
   723 | D:1      | Slain by an adder

Illustrated notes

Levels and vault maps discovered:
D:1:      wheals_arrival_shading, layout_basic, serial_bayou_pond_e
D:2:      kb_forest_paths, layout_loops_corners,
          nicolae_gozag_cash_rules_everything_around_me

Skill      XL: |  1 |
---------------+----+-----
Dodging        | 2 |  2.0
Fighting       | |  1.5
Unarmed Combat | |  3.0
Spellcasting   | |  2.0
Transmutations | |  2.1

Action                   || total
-------------------------++-------
Melee: Unarmed           ||    19
       Headbutt          ||     4
       Tailslap          ||     1
 Cast: Beastly Appendage ||     6
Armor: Skin              ||     7
Dodge: Dodged            ||    12
